 Dungeon Crawl Stone Soup version 0.27.1-34-g3ba077fa99 (webtiles) character file.

Game seed: 4630638334506764400

719084 Atelerd the Sorcerer (level 27, 0/139 HPs)
             Began as an Octopode Earth Elementalist on Jan 4, 2022.
             Was an Elder of Sif Muna.
             Slain by a bennu (4 damage)
             ... on level 2 of the Tomb of the Ancients on Jan 9, 2022.
             The game lasted 06:26:48 (108949 turns).

Atelerd the Sorcerer (OpEE)                       Turns: 108949, Time: 06:26:49

Health: 0/139      AC: 19    Str: 12    XL:     27
Magic:  16/45      EV: 29    Int: 37    God:    Sif Muna [****..]
Gold:   3070       SH: 15    Dex: 16    Spells: 3/74 levels left

rFire    + + +     SeeInvis +   b - +6 long sword of the Countless Nights {vorpal, rElec rPois rC++ Stlth-}
rCold    + + +     Faith    .   d - +2 buckler
rNeg     + + +     Spirit   .   M - +2 hat {Will+}
rPois    +         Reflect  +   A - amulet of Trepidation {Reflect rElec rPois rF+++ Dex-2 SH+5}
rElec    +         Harm     .   L - ring of Wonder {rPois rN+ Int+4 SInv}
rCorr    .         Rampage  .   o - +6 ring of intelligence
Will     ++...                  v - +4 ring of protection
Stlth    +++++++...             D - ring of wizardry
HPRegen  0.33/turn              l - ring "Ecruaz" {rF+ rN++ Will- Str+4}
MPRegen  0.29/turn              W - ring "Raluizy" {Fly AC+4 Dex+3}
                                O - ring of the Tortoise {AC+8}
                                J - ring of the Hare {EV+8}

@: flayed, flying, slowed, studying Unarmed Combat, very slow
A: almost no armour, amphibious, 8 rings, camouflage 1, gelatinous body 1,
(nimble swimmer 1), tentacles, antennae 1, tentacle spike 1, cold resistance 1,
fire resistance 1, frail 1, low mp 1, screaming 2, noise suppression
}: 4/15 runes: decaying, serpentine, slimy, silver
a: Renounce Religion, Channel Magic, Forget Spell, Divine Exegesis


You were on level 2 of the Tomb of the Ancients.
You worshipped Sif Muna.
Sif Muna was greatly pleased with you.
You visited 13 branches of the dungeon, and saw 57 of its levels.
You visited 1 bazaar.
You also visited: Trove, Bailey, Ice Cave, Volcano and Wizlab.

You collected 8023 gold pieces.
You spent 4953 gold pieces at shops.

Inventory:

Hand Weapons
 b - the +6 long sword of the Countless Nights (weapon) {vorpal, rElec rPois rC++ Stlth-}
   (You took it off a deep elf elementalist on level 3 of the Elven Halls)

   It inflicts extra damage upon your enemies.
   rC:        It greatly protects you from cold.
   rElec:     It insulates you from electricity.
   rPois:     It protects you from poison.
   Stlth:     It makes you less stealthy.
Missiles
 e - 925 stones
Armour
 d - a +2 buckler (worn)
 M - a +2 hat of willpower (worn)
Jewellery
 l - the ring "Ecruaz" (on tentacle) {rF+ rN++ Will- Str+4}
   (You bought it in a shop in a bazaar)

   [ring of protection from fire]

   Str:       It affects your strength (+4).
   rF:        It protects you from fire.
   rN:        It greatly protects you from negative energy.
   Will:      It decreases your willpower.
 o - a +6 ring of intelligence (right tentacle)
 v - a +4 ring of protection (on tentacle)
 A - the amulet of Trepidation (around mantle) {Reflect rElec rPois rF+++ Dex-2 SH+5}
   (You took it off a deep elf pyromancer on level 3 of the Elven Halls)

   [amulet of reflection]

   It reflects blocked missile attacks.
   Dex:       It affects your dexterity (-2).
   rF:        It renders you almost immune to fire.
   rElec:     It insulates you from electricity.
   rPois:     It protects you from poison.
   SH:        It affects your SH (+5).
 C - the amulet of Jeuz {Reflect Rampage Regen+ rCorr Int-4 SH+5}
   (You found it on level 5 of the Pits of Slime)

   [amulet of reflection]

   It reflects blocked missile attacks.
   Int:       It affects your intelligence (-4).
   Regen:     It increases your rate of health regeneration.
   rCorr:     It protects you from acid and corrosion.
   SH:        It affects your SH (+5).
   Rampage:   It bestows one free step when moving towards enemies.
 D - a ring of wizardry (on tentacle)
 F - a ring of resist corrosion
 J - the ring of the Hare (on tentacle) {EV+8}
   (You found it on level 5 of the Pits of Slime)

   [ring of evasion]

   EV:        It affects your evasion (+8).
 L - the ring of Wonder (left tentacle) {rPois rN+ Int+4 SInv}
   (You found it on level 3 of the Depths)

   [ring of positive energy]

   Int:       It affects your intelligence (+4).
   rPois:     It protects you from poison.
   rN:        It protects you from negative energy.
   SInv:      It lets you see invisible.
 N - a ring of magical power
 O - the ring of the Tortoise (on tentacle) {AC+8}
   (You found it on level 5 of the Depths)

   [ring of protection]

   AC:        It affects your AC (+8).
 W - the ring "Raluizy" (on tentacle) {Fly AC+4 Dex+3}
   (You took it off a frost giant on level 3 of the Depths)

   [ring of protection]

   AC:        It affects your AC (+4).
   Dex:       It affects your dexterity (+3).
   Fly:       It grants you flight.
 Z - the ring "Yngomeneph" {rC+ rN+ Int-4 Dex+6 Stlth+}
   (You bought it in a shop on level 2 of the Snake Pit)

   [ring of dexterity]

   Int:       It affects your intelligence (-4).
   Dex:       It affects your dexterity (+6).
   rC:        It protects you from cold.
   rN:        It protects you from negative energy.
   Stlth:     It makes you more stealthy.
Wands
 i - a wand of digging (6)
 p - a wand of acid (36)
 P - a wand of iceblast (83)
 V - a wand of mindburst (4)
Scrolls
 a - 28 scrolls of identify
 j - 7 scrolls of amnesia
 m - 10 scrolls of enchant armour
 r - 7 scrolls of fear
 s - 3 scrolls of magic mapping
 u - 9 scrolls of immolation
 x - 7 scrolls of silence
 y - 10 scrolls of vulnerability
 G - 11 scrolls of fog
 H - 9 scrolls of summoning
 I - 3 scrolls of holy word
 Q - 4 scrolls of enchant weapon
 S - a scroll of brand weapon
 U - 7 scrolls of teleportation
 Y - 7 scrolls of blinking
Potions
 c - 9 potions of haste
 f - 2 potions of magic
 g - 13 potions of ambrosia
 h - 14 potions of flight
 n - 4 potions of mutation
 q - 16 potions of brilliance
 t - 8 potions of might
 w - 2 potions of resistance
 z - 14 potions of curing
 B - 5 potions of cancellation
 K - 2 potions of lignification
 R - 9 potions of heal wounds
 T - 4 potions of berserk rage
 X - 5 potions of invisibility
Miscellaneous
 k - a phantom mirror
 E - the horn of Geryon


   Skills:
 - Level 5.0 Fighting
 - Level 6.0(7.1) Short Blades
 - Level 5.7(7.0) Long Blades
 - Level 15.0 Dodging
 - Level 18.0 Stealth
 - Level 15.0 Shields
 - Level 24.0 Spellcasting
 + Level 18.3 Conjurations
 - Level 8.0 Hexes
 - Level 8.0 Summonings
 - Level 10.0 Necromancy
 - Level 7.3 Translocations
 - Level 8.0 Transmutations
 - Level 8.0 Ice Magic
 - Level 8.0 Air Magic
 - Level 22.0 Earth Magic
 - Level 8.0 Poison Magic
 - Level 15.0 Invocations
 - Level 1.0 Evocations


You had 3 spell levels left.
You knew the following spells:

 Your Spells              Type           Power      Damage    Failure   Level
a - Sandblast             Erth           100%       2d20      0%          1
b - Freezing Cloud        Conj/Ice/Air   46%        6-21      1%          5
c - Blink                 Tloc           N/A        N/A       1%          2
e - Olgreb's Toxic Radia  Pois           80%        N/A       1%          4
f - Dispel Undead         Necr           87%        3d28      1%          4
g - Malign Gateway        Summ/Tloc      39%        N/A       8%          7
h - Shatter               Erth           59%        3d44*     2%          9
k - Yara's Violent Unrav  Hex/Tmut       40%        3d16      1%          5
l - Lee's Rapid Deconstr  Erth           59%        3d28*     0%          5
m - Iskenderun's Mystic   Conj/Tloc      96%        2d19      1%          4
o - Lehudib's Crystal Sp  Conj/Erth      57%        10d13     1%          8
p - Petrify               Tmut/Erth      100%       N/A       0%          4
s - Statue Form           Tmut/Erth      67%        N/A       1%          6
u - Haunt                 Necr/Summ      42%        N/A       4%          7

Your spell library contained the following spells:

 Spells                   Type           Power      Damage    Failure   Level
 Animate Skeleton         Necr           100%       N/A       0%          1
 Beastly Appendage        Tmut           100%       N/A       0%          1
 Corona                   Hex            88%        N/A       0%          1
 Foxfire                  Conj/Fire      100%       2x1d9     0%          1
 Freeze                   Ice            100%       1d11      0%          1
 Magic Dart               Conj           100%       1d8       0%          1
 Pain                     Necr           100%       1d9       0%          1
 Shock                    Conj/Air       100%       1d9       0%          1
 Sting                    Tmut/Pois      100%       1d8       0%          1
 Summon Small Mammal      Summ           100%       N/A       0%          1
 Corpse Rot               Necr/Air       N/A        N/A       0%          2
 Passwall                 Tmut/Erth      84%        N/A       0%          2
 Searing Ray              Conj           100%       3d7       0%          2
 Sublimation of Blood     Necr           43%        N/A       0%          2
 Dazzling Flash           Conj/Hex       100%       N/A       0%          3
 Mephitic Cloud           Conj/Pois/Air  92%        N/A       0%          3
 Stone Arrow              Conj/Erth      100%       3d13      0%          3
 Apportation              Tloc           100%       N/A       1%          1
 Call Imp                 Summ           80%        N/A       1%          2
 Ensorcelled Hibernation  Hex/Ice        100%       N/A       1%          2
 Poisonous Vapours        Pois/Air       100%       N/A       1%          2
 Slow                     Hex            80%        N/A       1%          2
 Wereblood                Tmut           80%        N/A       1%          2
 Call Canine Familiar     Summ           80%        N/A       1%          3
 Confusing Touch          Hex            80%        N/A       1%          3
 Conjure Flame            Conj/Fire      84%        6-21      1%          3
 Frozen Ramparts          Ice            100%       1d12      1%          3
 Gell's Gravitas          Tloc           39%        N/A       1%          3
 Inner Flame              Hex/Fire       65%        N/A       1%          3
 Lesser Beckoning         Tloc           39%        N/A       1%          3
 Ozocubu's Armour         Ice            80%        N/A       1%          3
 Portal Projectile        Hex/Tloc       100%       N/A       1%          3
 Spider Form              Tmut/Pois      40%        N/A       1%          3
 Summon Guardian Golem    Hex/Summ       80%        N/A       1%          3
 Swiftness                Air            80%        N/A       1%          3
 Teleport Other           Tloc           78%        N/A       1%          3
 Tukima's Dance           Hex            80%        N/A       1%          3
 Vampiric Draining        Necr           43%        2d12      1%          3
 Fulminant Prism          Conj/Hex       48%        3d21      0%          4
 Hailstorm                Conj/Ice       97%        3d19      0%          4
 Borgnjor's Vile Clutch   Necr/Erth      52%        N/A       0%          5
 Iskenderun's Battlesphe  Conj           100%       2d15      0%          5
 Iron Shot                Conj/Erth      57%        9d11      0%          6
 Airstrike                Air            40%        N/A       1%          4
 Animate Dead             Necr           43%        N/A       1%          4
 Cause Fear               Hex            40%        N/A       1%          4
 Ice Form                 Ice/Tmut       80%        N/A       1%          4
 Passage of Golubria      Tloc           N/A        N/A       1%          4
 Sticky Flame             Conj/Fire      84%        2d10      1%          4
 Summon Ice Beast         Ice/Summ       80%        N/A       1%          4
 Summon Lightning Spire   Summ/Air       80%        N/A       1%          4
 Agony                    Necr           87%        N/A       1%          5
 Alistair's Intoxication  Tmut/Pois      53%        N/A       1%          5
 Blade Hands              Tmut           40%        N/A       1%          5
 Bolt of Magma            Conj/Fire/Erth 48%        4d20      1%          5
 Excruciating Wounds      Necr           43%        N/A       1%          5
 Fireball                 Conj/Fire      42%        3d17      1%          5
 Irradiate                Conj/Tmut      48%        3d30      1%          5
 Lightning Bolt           Conj/Air       48%        1d69      1%          5
 Manifold Assault         Tloc           78%        N/A       1%          5
 Metabolic Englaciation   Hex/Ice        40%        N/A       1%          5
 Silence                  Hex/Air        40%        N/A       1%          5
 Summon Forest            Summ/Tloc      39%        N/A       1%          5
 Summon Mana Viper        Hex/Summ       80%        N/A       1%          5
 Conjure Ball Lightning   Conj/Air       48%        3x3d17    1%          6
 Death Channel            Necr           43%        N/A       1%          6
 Dispersal                Tloc           39%        N/A       1%          6
 Shadow Creatures         Summ           N/A        N/A       1%          6
 Simulacrum               Ice/Necr       42%        N/A       1%          6
 Starburst                Conj/Fire      42%        6d12      1%          6
 Orb of Destruction       Conj           55%        9d16      1%          7
 Spellforged Servitor     Conj/Summ      48%        N/A       1%          7
 Monstrous Menagerie      Summ           40%        N/A       6%          7
 Storm Form               Tmut/Air       40%        N/A       6%          7
 Summon Hydra             Summ           40%        N/A       6%          7
 Borgnjor's Revivificati  Necr           43%        N/A       22%         8
 Infestation              Necr           43%        N/A       22%         8
 Necromutation            Tmut/Necr      42%        N/A       32%         8
 Discord                  Hex            40%        N/A       43%         8
 Maxwell's Capacitive Co  Air            40%        ∞         43%         8
 Disjunction              Tloc           39%        N/A       52%         8
 Chain Lightning          Conj/Air       48%        3d64      65%         9
 Death's Door             Necr           43%        N/A       96%         9
 Fire Storm               Conj/Fire      42%        8d11      99%         9
 Polar Vortex             Ice            40%        N/A       99%         9


Dungeon Overview and Level Annotations

Branches:
Dungeon (15/15)            Temple (0/1) D:4            Lair (6/6) D:10
  Swamp (4/4) Lair:2        Snake (4/4) Lair:4        Slime (5/5) Lair:5
    Orc (2/2) D:12            Elf (3/3) Orc:2        Vaults (5/5) D:13
  Crypt (3/3) Vaults:2       Tomb (2/3) Crypt:3      Depths (5/5) D:15
   Hell (visited)             Dis (0/7) Hell            Geh (0/7) Hell
    Coc (0/7) Hell            Tar (0/7) Hell            Zot (2/5) Depths:5
 Bailey (visited)           IceCv (visited)         Volcano (visited)
 WizLab (visited)

Altars:
Cheibriados
Dithmenos
Fedhas
Gozag
Kikubaaqudgha
Nemelex Xobeh
Okawaru
Ru
Sif Muna
Trog
Uskayaw
Vehumet
Yredelemnul
Jiyva

Shops:
D:15 :   Orc:2 ([:[   Elf:2 :   Snake:1 *   Snake:2 [:=:   Snake:4 *
Vaults:1 [   Vaults:2 :   Vaults:3 :   Vaults:4 [   Depths:2 !   Depths:4 [*

Portals:
Hell: Depths:1 Depths:2 Depths:3 Depths:5
Abyss: Depths:3 Depths:4
Pandemonium: Depths:2 Depths:3 Depths:5
Ziggurat: Depths:5

Annotations:
D:2 exclusion: downstairs
D:8 exclusion: downstairs
D:10 exclusion: 2 downstairs
Swamp:2 exclusion: downstairs
Snake:3 exclusion: downstairs
Slime:3 exclusion: downstairs
Orc:1 exclusion: 2 downstairs


Innate Abilities, Weirdness & Mutations

You cannot wear most types of armour.
You are amphibious.
You can wear up to eight rings at the same time.
Your skin changes colour to match your surroundings (Stealth+).
Your rubbery body absorbs attacks. (AC +1, EV +1)
((You are camouflaged near water. (Stealth+)))
You have tentacles for arms and can constrict up to eight enemies at once.
You have a pair of small antennae on your head.
One of your tentacles bears a spike.
Your flesh is cold resistant. (rC+)
Your flesh is heat resistant. (rF+)
You are frail. (-10% HP)
Your magical capacity is low. (-10% MP)
You frequently scream uncontrollably at your foes.
You passively dampen the noise of your surroundings.


Message History

Aim: a bennu (70% to hit)
The crystal spear hits the bennu!!!
The bennu is almost dead.
The bennu pecks you but does no damage. You block the bennu's attack.
The bennu completely misses you. You block the bennu's attack.
The bennu claws you! You block the bennu's attack.
The elf zombie closely misses you.
Unknown command.
Unknown command.
Unknown command.
Casting: Lehudib's Crystal Spear (dangerous; 1% risk of failure)
Confirm with . or Enter, or press ? or * to list all spells.
Aiming: Lehudib's Crystal Spear (dangerous; 1% risk of failure)
Press: ? - help, Shift-Dir - straight line, f - mummy priest, p - bennu
Aim: a mummy priest (90% to hit)
The crystal spear hits the mummy priest!!!
The mummy priest is almost destroyed.
You feel less invigorated.
Your life is in your own hands again!
The bennu completely misses you. You block the bennu's attack. x2
The bennu misses you.
You riposte.
You closely miss the bennu. Your grab misses the bennu.
Your tentacle spike misses the bennu.
The bennu is almost dead.
The bennu claws you!
* * * LOW HITPOINT WARNING * * *
The bennu claws you but does no damage. The elf zombie hits you.
* * * LOW HITPOINT WARNING * * *
The mummy priest calls on the powers of darkness!
You feel a surge of unholy energy.
The bennu convulses!
You block the bennu's attack. The bennu completely misses you.
You block the bennu's attack.
Unknown command.
You feel much better.
You step away from death's doorway.
The bennu pecks you!
* * * LOW HITPOINT WARNING * * *
You block the bennu's attack. The bennu barely misses you.
The elf zombie hits you but does no damage.
You block the bennu's attack. The bennu claws you.
You die...

*******###########*************
*,,,,,*......b..>#,,,,,*,,,*,,,
*,,,,,*.....8Z@..#,,,,,*,,,*,,,
*,,,,,*......M...#,,,,,*,^^+^,,
*,,,,,+..........#,^,,,*,,,*,,,
*****+*###########**'*********,
*,,^,,*,,,,,,,,,,,,,,,,,,,,,,*,
*,,,,,*,,,,,,,,,,,,,,,,,,,,,,**
*,,,,,*,,****,,,,,,,,,****,,,*,
*,,,,,*,,* *<,,,,,,,,* *,,,*,
*,,,,,*,,****,,,,,,,,,****,,,+,


You could see a bennu, a mummy priest, an ushabti and an elf zombie.

Vanquished Creatures
  Dissolution (Slime:2)
  the Royal Jelly (Slime:5)
  A dread lich (Crypt:3)
  An orb of fire (Zot:2)
  An ancient lich (Vaults:5)
  A juggernaut (Depths:5)
  Mara (Swamp:3)
  17 royal mummies (Tomb:1)
  Sojobo (Vaults:5)
  The ghost of Ulecsuczon the Impregnable, a veteran MiGl of Hepliaklqana (Crypt:2)
  The ghost of Hesody the Rich, a master GnTm of Gozag (Crypt:2)
  Frederick (Vaults:5)
  Margery (Vaults:5)
  the Lernaean hydra (Swamp:4)
  Xtahua (Depths:5)
  Geryon (Hell)
  Nikola (Snake:4)
  6 golden dragons
  The ghost of Jetyrhek the Devastator, a veteran GrEE of Lugonu (Crypt:2)
  The ghost of Jetyrhek the Devastator, a veteran GrEE of Lugonu (Crypt:2)
  The ghost of Zoalos the Devastator, a veteran GrEE of Lugonu (Crypt:2)
  The ghost of Fainec the Devastator, a veteran GrEE of Lugonu (Crypt:2)
  A profane servitor (Crypt:1)
  A bone dragon (Crypt:3)
  The ghost of Kucw the Warrior, an adept GrFi of Cheibriados (Crypt:2)
  A Cloud Mage (WizLab)
  An electric golem (Zot:1)
  7 liches
  9 tentacled monstrosities
  A quicksilver dragon (shapeshifter) (Vaults:5)
  4 titans
  A deep elf master archer (Elf:3)
  2 deep elf blademasters (Elf:3)
  14 acid blobs
  A quicksilver dragon (Zot:1)
  12 sphinxes
  16 ancient champions
  4 death cobs
  The ghost of Pirgh the Earth Mage, an adept DgEE (Snake:2)
  5 storm dragons
  3 thorn hunters
  8 shadow dragons
  11 rockslimes
  8 tengu reavers
  2 draconian monks (Zot:1)
  4 revenants
  Roxanne (Elf:2)
  11 azure jellies
  3 nagarajas (Snake:4)
  2 balrugs
  7 fire giants
  4 draconian knights
  10 deep elf sorcerers
  Louise (Depths:4)
  4 orc warlords
  14 frost giants
  A draconian scorcher (Zot:1)
  15 vault wardens
  9 ghouls
  An iron dragon (Hell)
  4 draconian shifters (Zot:1)
  Aizul (Snake:2)
  2 curse skulls
  20 ironbound preservers
  4 deep elf elementalists (Elf:3)
  2 draconian annihilators (Zot:1)
  A draconian stormcaller (Zot:1)
  6 caustic shrike skeletons
  4 reapers (Hell)
  8 war gargoyles
  17 stone giants
  35 very ugly things
  14 quicksilver oozes
  6 bunyips
  2 green draconians (Zot:1)
  5 deep elf annihilators (Elf:3)
  21 vampire knights
  2 bennus (Tomb:1)
  6 dire elephants
  13 spark wasps
  4 purple draconians (Zot:1)
  9 deep elf demonologists
  6 black draconians
  5 white draconians (Zot:1)
  5 yellow draconians
  An entropy weaver (Vaults:4)
  4 blizzard demons
  9 deep elf death magi
  A merfolk javelineer (Depths:5)
  25 ettins
  3 crystal guardians
  2 pearl dragon zombies (Crypt:1)
  8 eidola
  A merfolk impaler (Depths:1)
  A quicksilver dragon zombie (Crypt:2)
  6 mummy priests (Tomb:1)
  11 fire dragons
  12 great orbs of eyes
  3 eleionomae
  12 deep elf high priests
  33 vault guards
  18 jiangshi
  A shambling mangrove (Swamp:4)
  16 yaktaur captains
  8 ice dragons
  6 boulder beetles
  4 peacekeepers
  3 rakshasas
  2 catoblepae
  19 naga warriors
  25 hydras
  9 ghost crabs
  An anaconda (shapeshifter) (Vaults:3)
  2 salamander tyrants (Snake:4)
  2 ogre magi
  10 ironbound thunderhulks
  6 spriggan air magi
  14 centaur warriors
  4 ironbound frosthearts
  10 anacondas
  A hell beast (Depths:3)
  5 two-headed ogres
  3 death knights
  14 vampire magi
  7 death yaks
  6 tengu warriors
  12 alligators
  7 deep troll shamans
  29 dancing weapons
  2 hell hogs (Crypt:1)
  7 deep troll earth magi
  10 death scarabs (Tomb:2)
  A titan zombie (Depths:4)
  13 naga sharpshooters
  Urug (D:13)
  3 spriggan berserkers
  2 sun demons
  Nergalle (Lair:3)
  2 ironbound beastmasters (Vaults:1)
  19 hell knights
  19 deep elf knights
  7 shock serpents
  3 soul eaters
  36 skeletal warriors
  3 titan skeletons (Crypt:3)
  A sixfirhy (Depths:2)
  6 salamander mystics
  A storm dragon skeleton (Crypt:3)
  7 iron trolls
  A golden dragon zombie (Depths:2)
  2 shadow wraiths (Hell)
  An entropy weaver zombie (Crypt:3)
  An infernal demonspawn (Depths:2)
  17 swamp dragons
  3 glowing orange brains
  11 spriggan druids
  3 goliath frogs
  8 flayed ghosts
  9 naga ritualists
  57 deep trolls
  8 death drakes
  A swamp dragon (shapeshifter) (Vaults:3)
  An orange crystal statue (Depths:3)
  6 bog bodies
  14 ironbound convokers
  A golden dragon skeleton (Crypt:3)
  3 lindwurms
  An anaconda skeleton (Crypt:3)
  22 deep elf archers
  10 wizards
  Pikel (D:5)
  An iron dragon zombie (Depths:4)
  26 deep elf pyromancers
  3 harpies (Vaults:2)
  18 phantasmal warriors
  29 deep elf zephyrmancers
  2 wolf spiders
  18 mana vipers
  20 orc knights
  5 necromancers
  An orc sorcerer (Orc:2)
  A shadow dragon skeleton (Crypt:3)
  10 shining eyes
  12 oklob plants
  9 salamanders
  36 ugly things
  A frost giant zombie (Crypt:1)
  A goliath frog skeleton (Crypt:3)
  A fire giant zombie (Depths:2)
  4 will-o-the-wisps
  2 manticores (D:13)
  A sphinx skeleton (Crypt:1)
  9 moths of wrath
  4 centaur zombies
  4 cyclopes
  2 torpor snails
  4 apis skeletons (Crypt:1)
  3 eyes of devastation
  13 elephants
  7 apocalypse crabs
  35 black mambas
  3 stone giant skeletons (Crypt:3)
  15 vault sentinels
  2 ice statues (IceCv)
  22 naga magi
  A frost giant skeleton (Crypt:3)
  7 molten gargoyles
  An eye of devastation (shapeshifter) (Vaults:5)
  8 guardian serpents
  2 orange demons (Depths:3)
  A storm dragon simulacrum (Depths:4)
  Maurice (Orc:1)
  2 dire elephant skeletons
  7 rust devils
  7 smoke demons
  2 gargoyles
  A purple draconian zombie (Crypt:2)
  8 cane toads
  2 efreet
  A rime drake (Lair:4)
  8 komodo dragons
  2 kobold demonologists
  An anaconda simulacrum (IceCv)
  4 tengu conjurers
  46 yaktaurs
  5 hellwings
  A tormentor (Depths:2)
  An ice devil (Depths:2)
  A grey draconian skeleton (Crypt:2)
  A death yak skeleton (Crypt:3)
  3 freezing wraiths
  5 guardian mummies
  A swamp worm zombie (Crypt:1)
  2 sea snake skeletons (Hell)
  A harpy zombie (Hell)
  4 trolls
  2 jumping spiders (shapeshifter)
  A hydra zombie (Hell)
  3 meliai (D:14)
  3 wind drakes (WizLab)
  9 tyrant leeches
  3 polar bears
  A troll (shapeshifter) (D:13)
  8 hornets
  104 slime creatures
  17 blink frogs
  A wolf spider simulacrum (D:14)
  A queen bee (Lair:2)
  A blink frog (shapeshifter) (Elf:3)
  A dream sheep (shapeshifter) (Vaults:3)
  5 hydra skeletons
  An alligator zombie (Hell)
  A meliai zombie (D:9)
  4 dream sheep (Lair:4)
  Sigmund (D:5)
  A shadow (D:10)
  A fire dragon skeleton (Crypt:3)
  16 water elementals
  16 spriggans
  14 air elementals
  5 flying skulls (Tomb:1)
  8 ushabtiu (Tomb:1)
  3 alligator skeletons
  A wyvern (shapeshifter) (Depths:3)
  6 fire bats (Volcano)
  5 wyverns
  An ettin skeleton (Crypt:1)
  27 yaks
  6 wraiths
  A basilisk (shapeshifter) (Elf:3)
  8 fire elementals
  3 golden eyes (Slime:3)
  Eustachio (D:4)
  6 basilisks
  8 vampire mosquitoes
  A chaos spawn (Depths:3)
  11 swamp worms
  5 wargs
  An elf simulacrum (Depths:4)
  4 steam dragons
  55 nagas
  3 acid dragons
  9 water moccasins
  A hydra simulacrum (Hell)
  An infernal demonspawn skeleton (Crypt:2)
  2 floating eyes
  A deep troll skeleton (Crypt:2)
  A hornet zombie (D:9)
  A sky beast (D:5)
  2 black bears
  2 cane toad skeletons (Crypt:3)
  11 swamp drakes
  6 ogres
  A swamp dragon zombie (Hell)
  An ice beast (shapeshifter) (Vaults:5)
  44 orc warriors
  5 necrophages
  5 boggarts (D:15)
  A snapping turtle skeleton (Crypt:3)
  A torpor snail zombie (Crypt:2)
  19 centaurs
  5 wolves (Lair:6)
  A phantom (D:5)
  9 bullfrogs
  10 gnoll sergeants
  5 kobold brigands
  10 earth elementals
  4 scorpions
  2 water moccasin zombies
  A warg zombie (Crypt:2)
  A cane toad simulacrum (IceCv)
  A water moccasin skeleton (Crypt:1)
  A shapeshifter zombie (Crypt:3)
  32 killer bees
  A raiju skeleton (Crypt:2)
  26 wights
  3 howler monkeys
  6 lava snakes (Volcano)
  A wolf skeleton (Crypt:1)
  2 bullfrog zombies
  10 orc priests
  6 hounds
  4 centaur skeletons
  6 gnoll shamans (Bailey)
  An iron imp (D:14)
  3 jellies
  An iguana (D:6)
  Ijyb (D:3)
  2 human skeletons
  17 orc wizards
  9 hell rats (Hell)
  A polar bear simulacrum (IceCv)
  A wolf simulacrum (IceCv)
  2 hound skeletons
  9 mummies
  A howler monkey zombie (D:10)
  31 gnolls
  A howler monkey skeleton (D:4)
  6 adders
  5 shadow imps
  13 white imps
  An iguana zombie (Crypt:2)
  A worm (D:2)
  A barachi skeleton (Crypt:2)
  2 dart slugs
  67 orcs
  2 bats
  6 endoplasms
  8 giant cockroaches
  10 goblins
  6 hobgoblins
  3 jackals (D:3)
  4 quokkas
  13 ball pythons
  2 frilled lizards
  A gnoll skeleton (Crypt:3)
  A hobgoblin zombie (Crypt:3)
  A jackal zombie (Crypt:3)
  12 kobolds
  5 rats
  6 bushes (Zot:1)
  2 snaplasher vines (Elf:1)
2511 creatures vanquished.

Vanquished Creatures (collateral kills)
  Jory (Vaults:5)
  An azure jelly (Slime:1)
  2 deep elf archers (Elf:1)
  A deep elf pyromancer (Elf:1)
  A phantasmal warrior (Depths:2)
  A necromancer (Depths:2)
  A deep elf zephyrmancer (Elf:1)
  A will-o-the-wisp (Swamp:1)
  A yaktaur (Vaults:5)
  2 slime creatures (Slime:1)
  A sphinx simulacrum (Depths:2)
  A spriggan (Swamp:1)
  A water elemental (Elf:1)
15 creatures vanquished.

Vanquished Creatures (others)
  A tentacled monstrosity (Vaults:5)
  A lich (Depths:3)
  5 eldritch tentacles
  An ironbound preserver (Vaults:4)
  A spark wasp (Depths:5)
  A vault guard (Vaults:5)
  An alligator (Swamp:3)
  A hell hog (Crypt:1)
  A dancing weapon (Elf:1)
  A shock serpent (WizLab)
  A deep elf knight (Elf:1)
  A bog body (Swamp:2)
  A wizard (Vaults:1)
  A necromancer (Depths:4)
  3 bloated husks
  A swamp drake (Swamp:4)
  An orc warrior (Vaults:5)
  An orc (Vaults:5)
  4 bushes (D:10)
  16 foxfires
  33 fungi
  92 plants
  5 snaplasher vines
  12 withered plants
186 creatures vanquished.

Grand Total: 2712 creatures vanquished

Notes
Turn   | Place    | Note
-------+----------+-------------------------------------------
     0 | D:1      | Atelerd the Octopode Earth Elementalist began the quest for
                  | the Orb.
     0 | D:1      | Reached XP level 1. HP: 11/11 MP: 3/3
    15 | D:1      | Found a faded altar of an unknown god.
   159 | D:1      | Reached XP level 2. HP: 16/17 MP: 1/5
   701 | D:1      | Reached XP level 3. HP: 18/21 MP: 6/6
  1995 | D:3      | Reached XP level 4. HP: 21/27 MP: 8/8
  2250 | D:3      | Noticed Ijyb
  2257 | D:3      | Killed Ijyb
  2258 | D:3      | Reached skill level 3 in Spellcasting
  2562 | D:3      | Found a basalt altar of Yredelemnul.
  2735 | D:3      | Reached XP level 5. HP: 31/31 MP: 7/9
  3337 | D:4      | Noticed an ogre
  3341 | D:4      | Killed an ogre
  3342 | D:4      | Reached skill level 4 in Spellcasting
  3342 | D:4      | Reached skill level 5 in Earth Magic
  3342 | D:4      | Reached XP level 6. HP: 36/36 MP: 10/12
  3425 | D:4      | Found a sparkling altar of Nemelex Xobeh.
  3705 | D:4      | Found a staircase to the Ecumenical Temple.
  3777 | D:4      | Found an iron altar of Okawaru.
  4051 | D:4      | Noticed Eustachio
  4062 | D:4      | Killed Eustachio
  4063 | D:4      | Reached XP level 7. HP: 25/41 MP: 10/14
  4351 | D:4      | Reached skill level 5 in Spellcasting
  4549 | D:4      | Found a shimmering blue altar of Sif Muna.
  4708 | D:4      | Became a worshipper of Sif Muna the Loreminder
  4750 | D:5      | Entered Level 5 of the Dungeon
  4755 | D:5      | Reached skill level 1 in Short Blades
  4781 | D:5      | Reached skill level 1 in Fighting
  4950 | D:5      | Noticed Pikel
  4959 | D:5      | Killed Pikel
  4960 | D:5      | Reached XP level 8. HP: 50/50 MP: 14/16
  5014 | D:5      | Reached skill level 6 in Spellcasting
  5040 | D:5      | Found a bloodstained altar of Trog.
  5060 | D:5      | Learned a level 4 spell: Petrify
  5232 | D:5      | Reached skill level 1 in Invocations
  5252 | D:5      | Noticed Sigmund
  5260 | D:5      | Killed Sigmund
  5306 | D:5      | Reached XP level 9. HP: 54/54 MP: 4/18
  5748 | D:5      | Identified the amulet "Ygisa" {RegenMP rC- rN++ Dex+7}
  6212 | D:6      | Found a shadowy altar of Dithmenos.
  6477 | D:6      | Found a hide-covered altar of Uskayaw.
  6599 | D:6      | Reached * piety under Sif Muna
  6600 | D:6      | Reached skill level 5 in Dodging
  6648 | D:6      | Reached skill level 7 in Spellcasting
  7143 | D:7      | Found a radiant altar of Vehumet.
  7252 | D:7      | Reached skill level 8 in Spellcasting
  7614 | D:7      | Reached XP level 10. HP: 60/60 MP: 22/22
  7810 | D:8      | Found a sacrificial altar of Ru.
  7927 | D:8      | Reached skill level 5 in Stealth
  7929 | D:8      | Identified the +3 mace of Dissolution {flame, Fragile rF+
                  | rC+}
  8110 | D:8      | Reached ** piety under Sif Muna
  8300 | D:8      | Found a blossoming altar of Fedhas.
  8995 | D:9      | Found an opulent altar of Gozag.
  9411 | D:9      | Learned a level 5 spell: Freezing Cloud
  9430 | D:9      | Reached skill level 9 in Spellcasting
  9430 | D:9      | Reached skill level 1 in Ice Magic
  9481 | D:9      | Reached skill level 1 in Air Magic
  9538 | D:9      | Reached skill level 1 in Conjurations
  9539 | D:9      | Reached XP level 11. HP: 61/64 MP: 20/24
  9551 | D:9      | Reached skill level 10 in Earth Magic
  9665 | D:9      | Reached skill level 5 in Invocations
 10192 | D:10     | Entered Level 10 of the Dungeon
 10213 | D:10     | Found a flagged portal.
 10223 | Bailey   | Entered a bailey
 10491 | Bailey   | Reached *** piety under Sif Muna
 11480 | D:10     | Reached skill level 1 in Evocations
 11942 | D:10     | Found an ancient bone altar of Kikubaaqudgha.
 12246 | D:10     | Found a staircase to the Lair.
 12539 | D:11     | Noticed a two-headed ogre
 12539 | D:11     | Noticed a cyclops
 12728 | D:10     | HP: 2/64 [yak (15)]
 13092 | D:10     | Reached **** piety under Sif Muna
 13315 | D:11     | Noticed a soul eater
 13508 | D:11     | Killed a two-headed ogre
 13564 | D:11     | Killed a cyclops
 13598 | D:11     | Reached XP level 12. HP: 70/70 MP: 25/25
 14310 | D:12     | Identified the +4 trident "Jouluceh" {flame, Dex+5}
 14487 | D:12     | Found a staircase to the Orcish Mines.
 14528 | D:12     | Noticed a four-headed hydra
 14543 | D:12     | Killed a four-headed hydra
 14743 | D:12     | Noticed a boulder beetle
 14756 | D:12     | Killed a boulder beetle
 14757 | D:12     | Reached skill level 10 in Spellcasting
 14920 | D:12     | Reached skill level 10 in Stealth
 14950 | D:12     | Found a portal to a secret trove of treasure.
 15115 | D:12     | You fall into a shaft and drop 1 floor!
 15115 | D:13     | Noticed Urug
 15125 | D:13     | Killed Urug
 15202 | D:13     | Noticed a centaur warrior
 15212 | D:13     | Killed a centaur warrior
 15410 | D:13     | Noticed a centaur warrior
 15421 | D:13     | Killed a centaur warrior
 15422 | D:13     | Reached skill level 11 in Spellcasting
 15698 | D:13     | Noticed a centaur warrior
 15712 | D:13     | Killed a centaur warrior
 15818 | D:13     | Noticed a four-headed hydra
 15818 | D:13     | Noticed a boulder beetle
 15873 | D:13     | Killed a four-headed hydra
 15874 | D:13     | Reached XP level 13. HP: 64/74 MP: 26/28
 16151 | D:13     | Learned a level 4 spell: Passage of Golubria
 16159 | D:13     | Found a gate to the Vaults.
 16159 | D:13     | Noticed an ironbound preserver
 16159 | D:13     | Noticed a rakshasa
 16172 | D:13     | Reached skill level 1 in Translocations
 16950 | D:13     | Killed an ironbound preserver
 16978 | D:13     | Reached ***** piety under Sif Muna
 17090 | D:13     | Killed a rakshasa
 17318 | Orc:1    | Entered Level 1 of the Orcish Mines
 17333 | Orc:1    | Noticed Maurice
 17339 | Orc:1    | Received a gift from Sif Muna
 17549 | Orc:1    | Killed Maurice
 17553 | Orc:1    | Got Sif Muna's Disquisition on Snow {god gift}
 18000 | Orc:2    | Entered Level 2 of the Orcish Mines
 18025 | Orc:2    | Noticed an orc warlord
 18038 | Orc:2    | Killed an orc warlord
 18328 | Orc:2    | Found a staircase to the Elven Halls.
 20112 | Orc:2    | Reached skill level 5 in Conjurations
 20579 | Orc:2    | Reached XP level 14. HP: 81/81 MP: 6/29
 20937 | Orc:2    | Learned a level 3 spell: Stone Arrow
 21081 | Orc:2    | Reached skill level 5 in Translocations
 21368 | Orc:2    | Found Jymnom's Antique Armour Shoppe.
 21368 | Orc:2    | Found Vanoly's Book Boutique.
 21368 | Orc:2    | Found Piusk's Antique Armour Shop.
 21371 | Orc:2    | Found Dojeor's Antique Weapon Emporium.
 21383 | Orc:2    | Bought a steaming short sword for 264 gold pieces
 21383 | Orc:2    | Identified the +0 short sword "Worm" {vorpal, Contam rElec
                  | Will++ Stlth+} (You bought it in a shop on level 2 of the
                  | Orcish Mines)
 21692 | Lair:1   | Entered Level 1 of the Lair of Beasts
 21794 | Lair:1   | Found a frozen archway.
 21812 | Lair:1   | Received a gift from Sif Muna
 21813 | Lair:1   | Got Sif Muna's Incunabulum of Aerial Conjuration {god gift}
 21819 | Lair:1   | Learned a level 4 spell: Iskenderun's Mystic Blast
 21847 | IceCv    | Entered an ice cave
 21861 | IceCv    | Found a transporter.
 21906 | IceCv    | Found a transporter.
 22539 | Lair:1   | Learned a level 5 spell: Bolt of Magma
 23447 | Lair:2   | Found a staircase to the Swamp.
 24759 | Lair:3   | Noticed Nergalle
 24761 | Lair:3   | Reached skill level 1 in Shields
 24777 | Lair:3   | Killed Nergalle
 25350 | Lair:3   | You fall into a shaft and drop 1 floor!
 25356 | Lair:4   | Found a staircase to the Snake Pit.
 25667 | Lair:4   | Learned a level 5 spell: Summon Forest
 25708 | Lair:4   | Reached XP level 15. HP: 85/85 MP: 18/30
 25877 | Lair:4   | Reached skill level 1 in Summonings
 26703 | Lair:5   | Found a staircase to the Slime Pits.
 27083 | Lair:5   | Found a dark tunnel.
 27096 | Volcano  | Entered a volcano
 27192 | Volcano  | Received a gift from Sif Muna
 27193 | Volcano  | Got Sif Muna's Guide on Dark Rituals and the Rocks {god
                  | gift}
 27209 | Volcano  | Learned a level 5 spell: Lee's Rapid Deconstruction
 27218 | Volcano  | Learned a level 6 spell: Statue Form
 27511 | Volcano  | Found a bloodstained altar of Trog.
 28587 | Lair:6   | Entered Level 6 of the Lair of Beasts
 29100 | Lair:6   | Reached skill level 5 in Shields
 29890 | Lair:6   | Found the macabre finger necklace {rN+}
 30513 | Elf:1    | Entered Level 1 of the Elven Halls
 30520 | Elf:1    | Reached skill level 5 in Summonings
 30645 | Elf:1    | Found a radiant altar of Vehumet.
 30773 | Elf:1    | Reached XP level 16. HP: 90/90 MP: 5/31
 31225 | Elf:1    | Reached skill level 12 in Spellcasting
 31246 | Elf:1    | Reached skill level 10 in Conjurations
 31246 | Elf:1    | Reached skill level 5 in Transmutations
 31955 | Elf:2    | Found Varch's Book Shop.
 32060 | Elf:2    | Learned a level 4 spell: Olgreb's Toxic Radiance
 32334 | Elf:2    | Paralysed by an air elemental for 1 turns
 32669 | Elf:2    | Found a runed translucent gate.
 32680 | Elf:2    | Found a runed translucent gate.
 32680 | Elf:2    | Found a runed translucent gate.
 32784 | Elf:2    | Identified Roxanne's Grimoire of Transmigration
 32784 | Elf:2    | Noticed Roxanne
 32933 | Elf:2    | Reached skill level 1 in Poison Magic
 32981 | Elf:2    | Killed Roxanne
 32982 | Elf:2    | Reached skill level 13 in Spellcasting
 33136 | Elf:2    | Reached skill level 15 in Earth Magic
 33136 | Elf:2    | Reached XP level 17. HP: 80/95 MP: 22/34
 33803 | Elf:3    | Entered Level 3 of the Elven Halls
 33811 | Elf:3    | Found a runed translucent gate.
 33816 | Elf:3    | Found a runed translucent gate.
 33821 | Elf:3    | Found a runed translucent gate.
 34513 | D:14     | Found an ancient bone altar of Kikubaaqudgha.
 34526 | D:14     | Reached skill level 10 in Invocations
 34843 | D:14     | Found a snail-covered altar of Cheibriados.
 34946 | D:15     | Entered Level 15 of the Dungeon
 34956 | D:15     | Identified the +0 robe of Past Mistakes {Str+3}
 35546 | D:15     | Received a gift from Sif Muna
 35547 | D:15     | Got Sif Muna's Guide on the Enthralling Compass {god gift}
 35801 | D:15     | Found Aqaugeih's Book Shoppe.
 35855 | D:15     | Found a staircase to the Depths.
 36198 | Snake:1  | Entered Level 1 of the Snake Pit
 36405 | Snake:1  | Found Teuhuh's Assorted Antiques.
 36422 | Snake:1  | Bought a potion of curing for 93 gold pieces
 36422 | Snake:1  | Bought a cyan potion for 27 gold pieces
 37391 | Snake:1  | Reached skill level 5 in Short Blades
 38121 | Swamp:1  | Entered Level 1 of the Swamp
 38260 | Swamp:1  | Reached skill level 14 in Spellcasting
 38680 | Snake:2  | Learned a level 5 spell: Yara's Violent Unravelling
 38767 | Snake:2  | Noticed Aizul
 38782 | Snake:2  | Killed Aizul
 38787 | Snake:2  | Reached skill level 1 in Hexes
 38968 | Snake:2  | Found Zuoroaja's Antique Armour Shoppe.
 39002 | Snake:2  | Found a transporter.
 39217 | Snake:2  | Found a transporter.
 39220 | Snake:2  | Noticed Pirgh's ghost (adept DgEE)
 39555 | Snake:2  | Found Xularhon's Book Shop.
 39555 | Snake:2  | Found Xirerug's Jewellery Shoppe.
 39556 | Snake:2  | Found Okamafra's Book Shop.
 39863 | Snake:3  | Reached XP level 18. HP: 100/100 MP: 12/36
 41249 | Snake:4  | Entered Level 4 of the Snake Pit
 41444 | Snake:4  | Reached skill level 15 in Spellcasting
 41755 | Snake:4  | Noticed Nikola
 41767 | Snake:4  | Killed Nikola
 42012 | Snake:4  | Received a gift from Sif Muna
 42013 | Snake:4  | Got Sif Muna's Tome of Displacement {god gift}
 42017 | Snake:4  | Learned a level 2 spell: Blink
 43630 | Snake:4  | Reached XP level 19. HP: 105/105 MP: 36/38
 43858 | Snake:4  | Got a serpentine rune of Zot
 43992 | Snake:4  | Found Meuhiq's Assorted Antiques.
 44007 | Snake:4  | Bought a potion of curing for 111 gold pieces
 44007 | Snake:4  | Bought a scroll of identify for 74 gold pieces
 44007 | Snake:4  | Bought 2 cyan potions for 66 gold pieces
 44009 | Snake:4  | Bought a scroll of identify for 74 gold pieces
 44438 | Swamp:1  | Reached skill level 16 in Spellcasting
 44655 | Swamp:1  | Found a runed translucent door.
 45756 | Swamp:1  | Got the Papyrus of Bewitching Transformation
 46245 | Swamp:2  | Noticed a tentacled monstrosity
 46265 | Swamp:2  | Killed a tentacled monstrosity
 46723 | Swamp:2  | Found a basalt altar of Yredelemnul.
 47328 | Swamp:3  | Noticed Mara
 47488 | Swamp:3  | Noticed Atelerd's illusion
 47494 | Swamp:3  | Noticed Atelerd's illusion
 47495 | Swamp:3  | Killed Mara
 48141 | Swamp:3  | Reached skill level 17 in Spellcasting
 48336 | Swamp:3  | Learned a level 4 spell: Dispel Undead
 48376 | Swamp:4  | Entered Level 4 of the Swamp
 48411 | Swamp:4  | Reached skill level 1 in Necromancy
 48699 | Swamp:4  | Reached XP level 20. HP: 100/110 MP: 8/41
 49283 | Swamp:4  | Noticed the 27-headed Lernaean hydra
 49317 | Swamp:4  | Killed the 27-headed Lernaean hydra
 49521 | Swamp:4  | Got a decaying rune of Zot
 50283 | Elf:3    | Identified the +7 morningstar "Weph" {holy, *Noise rC+
                  | Int+6 Stlth-}
 50283 | Elf:3    | Identified the amulet of Trepidation {Reflect rElec rPois
                  | rF+++ Dex-2 SH+5}
 50290 | Elf:3    | Reached skill level 5 in Ice Magic
 50290 | Elf:3    | Reached skill level 5 in Air Magic
 50294 | Elf:3    | Identified the +4 great mace of Ynkied {vorpal, rElec
                  | Int+2}
 50432 | Elf:3    | Identified the +6 long sword of the Countless Nights
                  | {vorpal, rElec rPois rC++ Stlth-}
 50451 | Elf:3    | Identified the amulet "Leseluis" {RegenMP Regen+ Str+7
                  | Dex-4 Stlth-}
 50778 | Elf:3    | Identified the ring of Xuveush {Will+ Str+6 Int+2}
 50818 | Elf:3    | Identified the +6 morningstar "Jelly's Demise" {venom,
                  | Str+4}
 50845 | Elf:3    | Reached skill level 5 in Necromancy
 51227 | Elf:3    | Gained mutation: You are occasionally teleported next to
                  | monsters. [mutagenic glow]
 51451 | Snake:2  | Bought the ring "Yngomeneph" {rC+ rN+ Int-4 Dex+6 Stlth+}
                  | for 1279 gold pieces
 51872 | Elf:3    | Reached skill level 10 in Shields
 51887 | Elf:3    | Identified the +5 chain mail "Qupukhli" {Rampage rC+ rN+
                  | Dex+2}
 51893 | Elf:3    | Identified the +2 flail of Moral Flaws {protect, rF- rCorr
                  | Str+9}
 51896 | Elf:3    | Reached skill level 10 in Dodging
 52626 | D:12     | Gained mutation: You occasionally shout uncontrollably at
                  | your foes. [potion of mutation]
 52626 | D:12     | Gained mutation: Your mind is acute. (Int +2) [potion of
                  | mutation]
 52626 | D:12     | Gained mutation: You evolve. [potion of mutation]
 52632 | D:12     | You paid a toll of a +5 demon blade to enter a treasure
                  | trove
 52633 | Trove    | Entered a treasure trove
 52659 | Trove    | Identified the +2 robe of Exclusion {Rampage}
 52680 | Trove    | Found the amulet of Vitality {Regen+ HP+15}
 52775 | D:12     | Gained mutation: You are robust. (+10% HP) [evolution]
 52891 | Depths:1 | Entered Level 1 of the Depths
 53126 | Depths:1 | Learned a level 8 spell: Lehudib's Crystal Spear
 53562 | Depths:1 | Reached XP level 21. HP: 127/127 MP: 20/42
 53563 | Depths:1 | Found a gateway to Hell.
 55036 | Depths:1 | Found a bloodstained altar of Trog.
 55344 | Depths:1 | Identified the +5 quarterstaff of the Pit {protect, Will+
                  | Int+3}
 55402 | Depths:2 | Paralysed by a vampire knight for 5 turns
 55453 | Depths:2 | Found a magical portal.
 55461 | WizLab   | Entered The Chambers of the Cloud Mage
 55660 | WizLab   | Paralysed by an air elemental for 1 turns
 55831 | WizLab   | Paralysed by an air elemental for 1 turns
 56296 | WizLab   | Identified a scroll of acquirement
 56313 | WizLab   | Identified the ring "Litusog" {rF- rC- rN++ Will+ EV+4}
 56326 | WizLab   | Identified the ring of Etosofu {EV+4 Slay+2}
 56328 | WizLab   | Got the Grimoire of Air
 56466 | Depths:2 | Acquired a +1 hat of willpower
 56500 | Depths:2 | Lost mutation: You are robust. (+10% HP) [evolution]
 56552 | Depths:2 | Lost mutation: You evolve. [potion of mutation]
 56552 | Depths:2 | Lost mutation: You are occasionally teleported next to
                  | monsters. [potion of mutation]
 56552 | Depths:2 | Lost mutation: Your mind is acute. (Int +2) [potion of
                  | mutation]
 56552 | Depths:2 | Gained mutation: You are robust. (+10% HP) [potion of
                  | mutation]
 57819 | Depths:2 | Found a one-way gate leading to the halls of Pandemonium.
 58008 | Depths:2 | Found Kyil's Distillery.
 58507 | Depths:2 | Reached XP level 22. HP: 123/133 MP: 6/43
 59450 | Depths:2 | Bought a potion of curing for 48 gold pieces
 59450 | Depths:2 | Bought a potion of curing for 48 gold pieces
 59450 | Depths:2 | Bought 2 potions of mutation for 256 gold pieces
 59588 | Depths:3 | Found a one-way gate to the infinite horrors of the Abyss.
 60000 | Depths:3 | Reached skill level 18 in Spellcasting
 61403 | Depths:3 | Found a runed translucent door.
 61921 | Depths:3 | Found a runed translucent door.
 61926 | Depths:3 | Found a runed translucent door.
 63301 | Depths:3 | Identified the ring "Raluizy" {Fly AC+4 Dex+3}
 63552 | Depths:3 | Identified the amulet "Seciafam" {Spirit rC+++ Str-4 Dex+5}
 63591 | Depths:3 | Identified the ring "Hecw" {Fire rN++}
 63595 | Depths:3 | Identified the ring of Wonder {rPois rN+ Int+4 SInv}
 64051 | Snake:2  | Reached skill level 1 in Long Blades
 64062 | Snake:2  | Killed Pirgh's ghost
 64104 | Snake:2  | Identified the ring of Wishful Thinking {+Blink Fly Dex+2}
 65394 | Depths:4 | Reached XP level 23. HP: 144/144 MP: 27/45
 65571 | Depths:4 | Found Bedeavibb's Assorted Antiques.
 65571 | Depths:4 | Found Hyocyim's Armour Shoppe.
 65609 | Depths:4 | Bought 2 scrolls of blinking for 375 gold pieces
 65609 | Depths:4 | Bought a golden potion for 22 gold pieces
 65609 | Depths:4 | Bought a potion of heal wounds for 125 gold pieces
 65609 | Depths:4 | Bought a scroll of holy word for 187 gold pieces
 65609 | Depths:4 | Bought a scroll of holy word for 187 gold pieces
 65610 | Depths:4 | Bought 2 potions of haste for 500 gold pieces
 65855 | Depths:4 | Noticed Louise
 65859 | Depths:4 | Killed Louise
 66007 | Depths:4 | Noticed a golden dragon
 66012 | Depths:4 | Reached skill level 5 in Fighting
 66018 | Depths:4 | Killed a golden dragon
 66257 | Depths:4 | You are sucked into a shaft and drop 1 floor!
 66257 | Depths:5 | Entered Level 5 of the Depths
 66257 | Depths:5 | Noticed Xtahua
 66257 | Depths:5 | Found a gateway to a ziggurat.
 66264 | Depths:5 | Killed Xtahua
 66269 | Depths:5 | Reached skill level 19 in Spellcasting
 66506 | Depths:5 | Reached skill level 5 in Long Blades
 66553 | Depths:5 | Noticed a golden dragon
 66559 | Depths:5 | Killed a golden dragon
 66570 | Depths:5 | Found a gate to the Realm of Zot.
 66654 | Depths:5 | Found a flickering gateway to a bazaar.
 66664 | Bazaar   | Entered a bazaar
 66664 | Bazaar   | Found Akkein's Armour Shop.
 66664 | Bazaar   | Found Poxuss's Jewellery Boutique.
 66689 | Bazaar   | Found Pizim's General Store.
 66697 | Bazaar   | Bought a potion of heal wounds for 50 gold pieces
 66706 | Bazaar   | Found Zon Vupa's Weapon Boutique.
 66755 | Bazaar   | Bought the ring "Ecruaz" {rF+ rN++ Will- Str+4} for 607
                  | gold pieces
 67731 | Depths:5 | Found a runed translucent door.
 67776 | Depths:5 | Noticed a juggernaut
 67779 | Depths:5 | Found the ring of the Tortoise {AC+8}
 67807 | Depths:5 | Killed a juggernaut
 67936 | Depths:5 | Identified the +1 leather armour of the Wasteland {Int+4}
 68223 | Depths:5 | Reached XP level 24. HP: 143/154 MP: 19/46
 68554 | Vaults:1 | Entered Level 1 of the Vaults
 69299 | Vaults:1 | Received a gift from Sif Muna
 69300 | Vaults:1 | Got Sif Muna's Catalogue of Conjuration {god gift}
 69668 | Vaults:1 | Found Silicwed's Antique Armour Boutique.
 71290 | Vaults:2 | Reached skill level 20 in Spellcasting
 72304 | Vaults:2 | Found a staircase to the Crypt.
 72343 | Vaults:2 | Found Zouty's Book Shop.
 72359 | Vaults:2 | Learned a level 7 spell: Malign Gateway
 73247 | Vaults:3 | Found the +8 glaive of the Guard {elec, spectral, AC+5}
 73457 | Vaults:3 | Found Kofotij's Book Shoppe.
 73476 | Vaults:3 | Reached XP level 25. HP: 158/158 MP: 13/47
 73680 | Vaults:3 | Received a gift from Sif Muna
 73864 | Vaults:3 | Reached skill level 15 in Shields
 75108 | Vaults:3 | Identified the +6 plate armour "Zesecw" {Fly rF+ Int+4}
 75764 | Vaults:4 | Identified the +3 morningstar "Duopen" {vorpal, +Rage rN+
                  | Dex+2}
 75989 | Vaults:4 | Found Xoblacixed's Antique Armour Emporium.
 75997 | Vaults:4 | Received a gift from Sif Muna
 76003 | Vaults:4 | Got Sif Muna's Catalogue of Gliding Battle Magic {god gift}
 76607 | Vaults:4 | Identified the +0 plate armour of Experimentation {Drain
                  | Int+3 Dex+5}
 77557 | Vaults:5 | Entered Level 5 of the Vaults
 77562 | Vaults:5 | Noticed Sojobo
 77564 | Vaults:5 | Noticed Margery
 77570 | Vaults:5 | Killed Sojobo
 77571 | Vaults:5 | Reached skill level 15 in Conjurations
 77573 | Vaults:5 | Reached skill level 21 in Spellcasting
 77573 | Vaults:5 | Reached XP level 26. HP: 143/166 MP: 7/48
 77898 | Vaults:5 | Reached skill level 15 in Stealth
 77909 | Vaults:5 | Received a gift from Sif Muna
 78052 | Vaults:5 | Killed Margery
 78053 | Vaults:5 | Got Zarinam's Papyrus of the Destructive Traveller {god
                  | gift}
 78508 | Vaults:5 | Noticed an ancient lich
 78515 | Vaults:5 | Killed an ancient lich
 78790 | Vaults:5 | Identified the +6 plate armour of Gehenna {-Tele rElec
                  | Int+3}
 79448 | Vaults:5 | Got a silver rune of Zot
 79494 | Vaults:5 | Noticed Jory
 79500 | Vaults:5 | Killed Jory
 80009 | Vaults:5 | Identified the +5 glaive of the People {antimagic, rElec
                  | rPois rN+ Str+4}
 80410 | Vaults:5 | Noticed Frederick
 80414 | Vaults:5 | Killed Frederick
 80686 | Vaults:5 | Received a gift from Sif Muna
 80800 | Vaults:5 | Reached skill level 22 in Spellcasting
 81300 | Vaults:5 | Reached XP level 27. HP: 170/170 MP: 25/49
 81847 | Crypt:1  | Entered Level 1 of the Crypt
 82701 | Crypt:1  | Found a basalt altar of Yredelemnul.
 83389 | Vaults:1 | Reached skill level 23 in Spellcasting
 83773 | Snake:2  | Bought a book of the Earth for 560 gold pieces
 83783 | Snake:2  | Learned a level 9 spell: Shatter
 84520 | Crypt:2  | Found a huge runed gate.
 84521 | Crypt:2  | Found a huge runed gate.
 84522 | Crypt:2  | Found a huge runed gate.
 84523 | Crypt:2  | Found a huge runed gate.
 84524 | Crypt:2  | Found a huge runed gate.
 84524 | Crypt:2  | Found a huge runed gate.
 84525 | Crypt:2  | Found a huge runed gate.
 84525 | Crypt:2  | Found a huge runed gate.
 84525 | Crypt:2  | Found a huge runed gate.
 84525 | Crypt:2  | Found a huge runed gate.
 84525 | Crypt:2  | Found a huge runed gate.
 84525 | Crypt:2  | Found a huge runed gate.
 84715 | Crypt:2  | Found a huge runed gate.
 84716 | Crypt:2  | Found a huge runed gate.
 84717 | Crypt:2  | Found a huge runed gate.
 84895 | Crypt:2  | Received a gift from Sif Muna
 84902 | Crypt:2  | Got Sif Muna's Tome of Creative Combat Magic {god gift}
 85034 | Crypt:2  | Found a huge runed gate.
 85034 | Crypt:2  | Found a huge runed gate.
 85034 | Crypt:2  | Found a huge runed gate.
 85034 | Crypt:2  | Found a huge runed gate.
 85034 | Crypt:2  | Found a huge runed gate.
 85034 | Crypt:2  | Found a huge runed gate.
 85034 | Crypt:2  | Found a huge runed gate.
 85034 | Crypt:2  | Found a huge runed gate.
 85035 | Crypt:2  | Found a huge runed gate.
 85383 | Crypt:2  | Found a huge runed gate.
 85384 | Crypt:2  | Found a huge runed gate.
 85385 | Crypt:2  | Found a huge runed gate.
 85394 | Crypt:2  | Found a huge runed gate.
 85394 | Crypt:2  | Found a huge runed gate.
 85394 | Crypt:2  | Found a huge runed gate.
 85394 | Crypt:2  | Found a huge runed gate.
 85394 | Crypt:2  | Found a huge runed gate.
 85394 | Crypt:2  | Found a huge runed gate.
 85395 | Crypt:2  | Found a huge runed gate.
 85396 | Crypt:2  | Found a huge runed gate.
 85521 | Crypt:2  | Noticed Jetyrhek's ghost (veteran GrEE)
 85521 | Crypt:2  | Noticed Jetyrhek's ghost (veteran GrEE)
 85521 | Crypt:2  | Noticed Ulecsuczon's ghost (veteran MiGl)
 85521 | Crypt:2  | Noticed Zoalos's ghost (veteran GrEE)
 85521 | Crypt:2  | Noticed Hesody's ghost (master GnTm)
 85521 | Crypt:2  | Noticed Kucw's ghost (adept GrFi)
 85521 | Crypt:2  | Noticed Fainec's ghost (veteran GrEE)
 85531 | Crypt:2  | Killed Zoalos's ghost
 85606 | Crypt:2  | Killed Fainec's ghost
 85779 | Crypt:2  | Killed Ulecsuczon's ghost
 85789 | Crypt:2  | Killed Kucw's ghost
 86063 | Crypt:2  | Killed Jetyrhek's ghost
 86073 | Crypt:2  | Killed Hesody's ghost
 86237 | Crypt:3  | Entered Level 3 of the Crypt
 86472 | Crypt:2  | Killed Jetyrhek's ghost
 87601 | Crypt:3  | Noticed a dread lich
 87605 | Crypt:3  | Killed a dread lich
 88279 | Crypt:3  | Identified the +2 broad axe "Enok" {protect, rN+ Int-3
                  | Dex+2}
 88669 | Crypt:3  | Found a staircase to the Tomb.
 90081 | Slime:1  | Entered Level 1 of the Pits of Slime
 91733 | Slime:2  | Noticed Dissolution
 91748 | Slime:2  | Killed Dissolution
 91835 | Slime:2  | Gained mutation: You are dopey. (Int -2) [a shining eye]
 91837 | Slime:2  | Gained mutation: You frequently scream uncontrollably at
                  | your foes. [a shining eye]
 91842 | Slime:2  | Gained mutation: You passively dampen the noise of your
                  | surroundings. [a shining eye]
 91848 | Slime:2  | Reached skill level 15 in Dodging
 94054 | Slime:4  | Lost mutation: You are robust. (+10% HP) [a shining eye]
 94057 | Slime:4  | Gained mutation: You tend to lose your temper in combat. [a
                  | shining eye]
 96325 | Slime:5  | Entered Level 5 of the Pits of Slime
 96708 | Slime:5  | Gained mutation: Your spells are a little easier to cast,
                  | but a little less powerful. [a shining eye]
 96710 | Slime:5  | Gained mutation: Your body sometimes deteriorates upon
                  | taking damage. [a shining eye]
 96712 | Slime:5  | Lost mutation: Your spells are a little easier to cast, but
                  | a little less powerful. [potion of mutation]
 96712 | Slime:5  | Lost mutation: You are dopey. (Int -2) [potion of mutation]
 96712 | Slime:5  | Lost mutation: Your body sometimes deteriorates upon taking
                  | damage. [potion of mutation]
 96712 | Slime:5  | Gained mutation: Your flesh is cold resistant. (rC+)
                  | [potion of mutation]
 96712 | Slime:5  | Gained mutation: Your flesh is heat resistant. (rF+)
                  | [potion of mutation]
 96712 | Slime:5  | Gained mutation: One of your tentacles bears a spike.
                  | [potion of mutation]
 96713 | Slime:5  | Lost mutation: You tend to lose your temper in combat.
                  | [potion of mutation]
 96713 | Slime:5  | Gained mutation: You are frail. (-10% HP) [potion of
                  | mutation]
 96713 | Slime:5  | Lost mutation: You are frail. (-10% HP) [potion of
                  | mutation]
 96713 | Slime:5  | Gained mutation: You have a pair of small antennae on your
                  | head. [potion of mutation]
 97247 | Slime:5  | Found the +15 Maxwell's patent armour {-Cast -Tele rElec
                  | Will+ rCorr}
 97250 | Slime:5  | Noticed the Royal Jelly
 97266 | Slime:5  | Found a viscous altar of Jiyva.
 97302 | Slime:5  | Killed the Royal Jelly
 97303 | Slime:5  | Reached skill level 5 in Poison Magic
 97324 | Slime:4  | Reached skill level 5 in Hexes
 98402 | Slime:5  | Found the ring of the Hare {EV+8}
 99123 | Slime:5  | Got a slimy rune of Zot
 99145 | Slime:5  | Identified the amulet of Jeuz {Reflect Rampage Regen+ rCorr
                  | Int-4 SH+5}
 99153 | Slime:5  | Identified the +2 robe "Pioxiat" {Str+3}
 99681 | Tomb:1   | Entered Level 1 of the Tomb of the Ancients
 99922 | Tomb:1   | Paralysed by a sphinx for 7 turns
100214 | Tomb:1   | Noticed a royal mummy
100214 | Tomb:1   | Noticed a royal mummy
100216 | Tomb:1   | Noticed a royal mummy
100217 | Tomb:1   | Killed a royal mummy
100217 | Tomb:1   | Killed a royal mummy
100217 | Tomb:1   | Noticed a royal mummy
100217 | Tomb:1   | Noticed a royal mummy
100218 | Tomb:1   | Noticed a royal mummy
100220 | Tomb:1   | Noticed a royal mummy
100467 | Tomb:1   | Noticed a royal mummy
100473 | Tomb:1   | Killed a royal mummy
100482 | Tomb:1   | Killed a royal mummy
100482 | Tomb:1   | Noticed a royal mummy
100483 | Tomb:1   | Noticed a royal mummy
100794 | Tomb:1   | Killed a royal mummy
100796 | Tomb:1   | Killed a royal mummy
101018 | Tomb:1   | Noticed a royal mummy
101022 | Tomb:1   | Killed a royal mummy
101151 | Crypt:3  | Learned a level 7 spell: Haunt
101190 | Tomb:1   | Noticed a royal mummy
101194 | Tomb:1   | Noticed a royal mummy
101194 | Tomb:1   | Noticed a royal mummy
101200 | Tomb:1   | Killed a royal mummy
101399 | Tomb:1   | Noticed a royal mummy
101404 | Tomb:1   | Killed a royal mummy
101662 | Tomb:1   | Killed a royal mummy
101740 | Tomb:1   | Killed a royal mummy
101884 | Tomb:1   | Noticed a royal mummy
101899 | Tomb:1   | Killed a royal mummy
102113 | Tomb:1   | Killed a royal mummy
102326 | Tomb:1   | Killed a royal mummy
102329 | Tomb:1   | Reached skill level 24 in Spellcasting
102583 | Tomb:1   | Killed a royal mummy
102685 | Tomb:1   | Noticed a royal mummy
102694 | Tomb:1   | Killed a royal mummy
103194 | Tomb:1   | Killed a royal mummy
104339 | Hell     | Entered the Vestibule of Hell
104346 | Hell     | Noticed Geryon
104354 | Hell     | Killed Geryon
104599 | Hell     | Found a gateway to the ashen valley of Gehenna.
104880 | Hell     | Found a gateway to the Iron City of Dis.
105015 | Hell     | Found a gateway to the freezing wastes of Cocytus.
105145 | Hell     | Reached skill level 10 in Necromancy
105271 | Hell     | Found a gateway to the decaying netherworld of Tartarus.
105673 | Zot:1    | Entered Level 1 of the Realm of Zot
105960 | Zot:1    | Reached skill level 15 in Invocations
108260 | Zot:2    | Noticed an orb of fire
108263 | Zot:2    | Gained mutation: Your magical capacity is low. (-10% MP)
                  | [an orb of fire]
108265 | Zot:2    | Gained mutation: You are frail. (-10% HP) [an orb of fire]
108268 | Zot:2    | Killed an orb of fire
108936 | Tomb:2   | Received a gift from Sif Muna
108936 | Tomb:2   | Noticed a royal mummy
108936 | Tomb:2   | Noticed a royal mummy
108937 | Tomb:2   | Noticed a royal mummy
108937 | Tomb:2   | Noticed a royal mummy
108948 | Tomb:2   | HP: 3/139 [bennu (8)]
108949 | Tomb:2   | Slain by a bennu

Illustrated notes

Levels and vault maps discovered:
D:1:      dpeg_arrival_orchard, layout_basic,
          hellmonk_ecumenical_altar_crossroads, minmay_worlds_worst_comb
D:2:      layout_loops_ring
D:3:      layout_basic, lemuel_crystal_altar, grunt_ministairs_5, uniq_ijyb
D:4:      layout_loops_corners, mainiacjoe_overflow_concentric_impassable,
          lemuel_crystal_altar, marbit_many_paths,
          minmay_temple_entry_sparse_star, serial_rivers,
          chequers_serial_rivers_room_a, chequers_serial_rivers_micro_c,
          chequers_serial_rivers_small_b, chequers_serial_rivers_small_a,
          chequers_serial_rivers_large_a, chequers_serial_rivers_micro_b,
          uniq_eustachio
D:5:      layout_gridville, lemuel_round_altar,
          hangedman_abyss_or_decor_stagger, uniq_sigmund, uniq_pikel
D:6:      layout_gridville, nicolae_overflow_hidden_temple,
          nicolae_dithmenos_through_a_glass_darkly
D:7:      layout_loops_ring, mainiacjoe_overflow_surrounded_room
D:8:      layout_loops_ring, fedhas_bush_and_centaur_altar,
          nicolae_ru_awakened_eye, chequers_decorated_corner
D:9:      cheibrodos_grave_circle, layout_basic, lemuel_tele_altar
D:10:     layout_irregular_city, mainiacjoe_overflow_small_starburst,
          minmay_lair_entry_grove, enter_bailey_3
D:11:     layout_cave_pools, gauntlet_entry_generic, serial_bayou_pond_a,
          bh_hangedman_babel_library
D:12:     layout_small_grid, orc_0_dummy, nicolae_trove_entry_path_of_doom
D:13:     layout_basic, skrybe_vaults_entry_preservation, uniq_urug
D:14:     layout_cave_pools, kiku_gazebo_garden_becter, slow_altar_2
D:15:     hangedman_depths_entry_try_elsewhere_first, layout_basic,
          nrook_campfire, serial_shops, nicolae_shop_behind_doors
Lair:1:   layout_regular_city, portal_ice_cave_entry_imps,
          minmay_lair_oklob_items, patterned_corridor, infiniplex_staircase_pool
Lair:2:   layout_roguey [special_room_bee], swamp_mist_pool, wad_woods_01
Lair:3:   layout_cave_pods, grunt_megastairs_2, serial_bayou_shore_b,
          uniq_nergalle
Lair:4:   layout_roguey, minmay_snake_entry_guardpost_small,
          infiniplex_staircase_pool_2, grunt_megastairs_1
Lair:5:   layout_hall_layers, slime_dummy, serial_rivers,
          chequers_serial_rivers_micro_b, chequers_serial_rivers_micro_e,
          chequers_serial_rivers_small_b, chequers_serial_rivers_micro_d,
          nicolae_volcano_entry_vermiform
Lair:6:   grunt_lair_end_beastmaster, layout_regular_city
Swamp:1:  gammafunk_mikee_crab_dinner, layout_falls_marsh,
          evilmike_swamp_ruin_rubble_1, swamp_pool5
Swamp:2:  layout_falls_marsh, hangedman_swamp_ruin_wall, grunt_ruined_hall
Swamp:3:  layout_falls_marsh, nicolae_swamp_feature_on_the_river_bank, uniq_mara
Swamp:4:  swamp_old_school, layout_basic_swamp
Snake:1:  layout_chambers, serial_shops, shop_coins, grunt_megastairs_5
Snake:2:  layout_layer_cave, serial_shops, nicolae_stop_n_shop_2,
          gammafunk_ghost_berserking_beasts, minmay_shop_grove, uniq_aizul
Snake:3:  layout_misc_corridors, serial_bayou_shore_b
Snake:4:  johnstein_snake_rune_scales, layout_rooms, serial_shops,
          shop_fountains, serial_bayou_shore_b, uniq_nikola
Slime:1:  layout_caves
Slime:2:  layout_caves, uniq_dissolution
Slime:3:  layout_caves
Slime:4:  layout_caves
Slime:5
Orc:1:    layout_caves, uniq_maurice
Orc:2:    st_orc_rangers, layout_caves
Elf:1:    minmay_elf_arrival_circle, layout_gridlike, basic_altar, minivault_28
Elf:2:    nicolae_elf_blades_crystal_corner, layout_geoelf_grid, serial_shops,
          shop, drop_trap, nicolae_elf_loose_elemental_storage, uniq_roxanne
Elf:3:    minmay_elf_hall_quartered_circle, layout_geoelf_octagon,
          nicolae_gammafunk_elf_defective_weapons_storage
Vaults:1: vaults_room_ringed_pool, v_misc_19, vaults_mumra_minichess,
          ontoclasm_vaults_twist, vaults_mumra_hex, v_misc_29,
          vaults_room_hallway, nicolae_vaults_specimen_jars,
          layout_vaults_big_room, serial_shops, nicolae_square_shop
Vaults:2: v_misc_33, nicolae_vaults_back_hallway, ontoclasm_vaults_shuriken,
          minmay_crypt_entry_simple_plaza, ontoclasm_vaults_idyll,
          st_more_cells, nicolae_vaults_shelves_hall,
          vaults_room_stairs_pillars, v_misc_27, dpeg_vaults_monster_box,
          layout_vaults_omnigrid, serial_shops, nicolae_shop_statue_plus
Vaults:3: vaults_room_door_ring, minmay_guarded_unrand_guard_vaults,
          grunt_vaults_diagonal, v_rooms_5, hangedman_vaults_capsules,
          vaults_room_hallway, nicolae_vaults_circle_grid_a, v_misc_29,
          dpeg_vaults_monster_row, ontoclasm_vaults_chip,
          vaults_standard_mumra_lines, layout_vaults_big_cross, serial_shops,
          nicolae_shop_crystal
Vaults:4: vaults_room_grunt_arrival_checkpoint, vaults_room_semicircle,
          vaults_dpeg_ring, grunt_vaults_twisty,
          nicolae_vaults_twisting_passages, nicolae_vaults_diagonal_hallway_6,
          ontoclasm_vaults_fault, ontoclasm_vaults_loading_screen,
          nicolae_vaults_three_branches, vaults_dpeg_encased_lava, v_misc_10,
          vaults_room_fancy_cross, nicolae_vaults_mini_display_case,
          layout_vaults_ring, serial_shops, nicolae_shop_trees
Vaults:5: serial_shops, uniq_sojobo, uniq_margery, uniq_frederick, uniq_jory
Crypt:1:  layout_gridlike, hangedman_blasphemy
Crypt:2:  layout_basic, gammafunk_ghost_door_vault
Crypt:3:  due_elkab, layout_chaotic_city, st_stairs_7
Tomb:1
Tomb:2
Depths:1: layout_honeycomb, chequers_hall_statues_wall_a, lightli_too_deep,
          tgw_trog, serial_bayou_shore_a
Depths:2: minmay_bubble_buster, layout_cave_pools,
          pf_vacation_house_of_asmodeus, rand_demon_pan_entry_3, serial_shops,
          nicolae_take_the_stairs, mu_enter_wizlab_4
Depths:3: minmay_the_grid_triangle_9x9_recursive_3
          [minmay_the_grid_triangle_9x9_pentomino_pain,
          minmay_the_grid_triangle_9x9_tough_junction,
          minmay_the_grid_triangle_9x9_stretched_checkered,
          minmay_the_grid_triangle_9x9_prize_special,
          minmay_the_grid_triangle_9x9_impossible_snake,
          minmay_the_grid_triangle_9x9_subtriangle,
          minmay_the_grid_triangle_9x9_corruption,
          minmay_the_grid_triangle_9x9_alien,
          minmay_the_grid_triangle_9x9_checkered], layout_honeycomb,
          solitary_fountain, abyss_entry, hangedman_coc_ice_floe,
          grunt_pan_entry_spiral, minivault_16
Depths:4: grunt_forest_end_winery, layout_gridlike, lemuel_blue_sif_altar,
          hell_entry, nicolae_abyss_entry_one_way_or_another, pan_entry,
          minmay_shoptagon
Depths:5: grunt_bruiser_brothers, layout_gridlike, enter_ziggurat_e,
          serial_shops, bzr_in_the_mist, pan_entry, hell_entry,
          serial_bayou_pond_b, minmay_misc_feat_tiny, kennysheep_treasure_room,
          uniq_xtahua
Hell
Zot:1:    grunt_zot_stairs_overgrown, layout_gridlike
Zot:2:    layout_twisted_circle

Skill      XL: |  1  2  3  4  5  6  7  8  9 10 11 12 13 14 15 16 17 18 19 20 21 22 23 24 25 26 27 |
---------------+----------------------------------------------------------------------------------+-----
Transmutations | 2 3 5 8 |  8.0
Spellcasting   | 3 4 5 6 8 9 11 13 14 15 17 18 19 20 21 22 24 | 24.0
Earth Magic    | 4 5 6 7 8 9 10 13 15 16 18 19 20 22 | 22.0
Short Blades   | 2 4 6 |  6.0
Fighting       | 2 3 5 |  5.0
Dodging        | 3 4 5 6 8 10 11 12 15 | 15.0
Invocations    | 2 3 8 9 10 12 15 | 15.0
Stealth        | 3 6 7 10 12 14 18 | 18.0
Ice Magic      | 2 3 4 6 8 |  8.0
Air Magic      | 1 3 4 6 8 |  8.0
Conjurations   | 1 3 4 5 8 9 10 11 12 14 15 16 18 | 18.3
Evocations     | 1 |  1.0
Translocations | 4 7 |  7.3
Shields        | 3 5 8 10 11 12 14 15 | 15.0
Summonings     | 5 7 8 |  8.0
Poison Magic   | 3 4 8 |  8.0
Hexes          | 2 4 8 |  8.0
Necromancy     | 2 5 10 | 10.0
Long Blades    | 2 5 |  5.7

Action                   |  1- 3 |  4- 6 |  7- 9 | 10-12 | 13-15 | 16-18 | 19-21 | 22-24 | 25-27 || total
-------------------------+-------+-------+-------+-------+-------+-------+-------+-------+-------++-------
Melee: Unarmed           |     4 |       |       |       |       |       |       |       |       ||     4
       Short sword       |    54 |    82 |       |       |   115 |   129 |   109 |       |       ||   489
       Constrict         |    12 |    16 |    22 |    52 |    54 |    20 |    19 |    43 |   145 ||   383
       Tentacles         |     5 |    10 |    22 |    76 |    68 |    32 |    46 |   101 |   220 ||   580
       Rapier            |       |       |   106 |   273 |   156 |       |       |       |       ||   535
       Long sword        |       |       |       |       |       |       |    49 |   244 |   472 ||   765
       Kick              |       |       |       |       |       |       |       |       |    67 ||    67
 Cast: Sandblast         |    23 |    21 |    45 |   189 |   102 |    97 |    67 |    73 |   152 ||   769
       Petrify           |       |       |    15 |   115 |   165 |    94 |   109 |    15 |    14 ||   527
       Freezing Cloud    |       |       |       |     2 |    98 |   115 |    66 |    32 |    77 ||   390
       Passage of Golubr |       |       |       |       |     8 |       |       |       |       ||     8
       Stone Arrow       |       |       |       |       |   106 |       |       |       |       ||   106
       Iskenderun's Myst |       |       |       |       |   101 |   141 |   225 |   143 |   122 ||   732
       Bolt of Magma     |       |       |       |       |    22 |    17 |    49 |       |       ||    88
       Lee's Rapid Decon |       |       |       |       |     4 |   223 |    87 |   125 |    75 ||   514
       Statue Form       |       |       |       |       |     2 |    23 |    48 |    72 |   157 ||   302
       Summon Forest     |       |       |       |       |     1 |       |     4 |     1 |     3 ||     9
       Olgreb's Toxic Ra |       |       |       |       |       |     7 |    62 |    76 |    62 ||   207
       Yara's Violent Un |       |       |       |       |       |    11 |    19 |    10 |     4 ||    44
       Lehudib's Crystal |       |       |       |       |       |       |    55 |   160 |   498 ||   713
       Dispel Undead     |       |       |       |       |       |       |    27 |    29 |   143 ||   199
       Blink             |       |       |       |       |       |       |       |     1 |     2 ||     3
       Malign Gateway    |       |       |       |       |       |       |       |       |     5 ||     5
       Shatter           |       |       |       |       |       |       |       |       |   192 ||   192
       Haunt             |       |       |       |       |       |       |       |       |     1 ||     1
       Death's Door      |       |       |       |       |       |       |       |       |     1 ||     1
Invok: Channel Magic     |       |       |       |     1 |    17 |    31 |    37 |    29 |    38 ||   153
       Forget Spell      |       |       |       |       |     2 |       |       |       |       ||     2
       Divine Exegesis   |       |       |       |       |       |       |       |       |     1 ||     1
 Abil: End Transformatio |       |       |       |       |       |       |       |       |     1 ||     1
Evoke: Wand              |       |     6 |     5 |    16 |     6 |     6 |    30 |    32 |    21 ||   122
  Use: Scroll            |       |       |       |    14 |     8 |     9 |    17 |    12 |    14 ||    74
       Potion            |       |       |       |     1 |     3 |    10 |     3 |     1 |    14 ||    32
 Stab: Sleeping          |     4 |     3 |    11 |    10 |     6 |    13 |     2 |     4 |    15 ||    68
       Petrified         |       |       |     8 |   118 |   116 |    56 |    66 |    15 |     5 ||   384
       Petrifying        |       |       |     2 |    13 |    23 |     6 |     4 |     3 |       ||    51
       Distracted        |       |       |       |       |       |       |     1 |       |     2 ||     3
Armor: Skin              |    11 |    27 |    27 |    72 |    37 |   102 |   255 |   300 |   817 ||  1648
Dodge: Dodged            |    44 |    62 |    76 |   384 |   418 |   249 |   459 |   705 |  1700 ||  4097
Block: Buckler           |       |       |       |       |    25 |   124 |   267 |   600 |  1428 ||  2444
       Reflection        |       |       |       |       |       |       |       |    24 |    61 ||    85
       Rpst.: Long sword |       |       |       |       |       |       |    30 |   151 |   333 ||   514
